 Dungeon Crawl Stone Soup version 0.28-a0-1152-g9c71ebef14 (webtiles) character file.

Game seed: 16739909727781623778

248 spaghetti the Sneak (level 5, 0/46 HPs)
             Began as a Deep Dwarf Delver on Dec 14, 2021.
             Slain by an ogre (18 damage)
             ... on level 5 of the Dungeon.
             The game lasted 00:03:09 (652 turns).

spaghetti the Sneak (Deep Dwarf Delver)              Turns: 652, Time: 00:03:10

Health: 0/46       AC:  4    Str: 17    XL:     5   Next: 86%
Magic:  4/4        EV: 12    Int: 11    God:
Gold:   32         SH:  0    Dex: 14    Spells: 4/4 levels left

rFire   . . .      SeeInvis .   a - +0 falchion {long}
rCold   . . .      Faith    .   (no shield)
rNeg    . . .      Spirit   .   b - +1 leather armour
rPois   .          Reflect  .   (no helmet)
rElec   .          Harm     .   (no cloak)
rCorr   .          Rampage  .   (no gloves)
Will    .....                   (no boots)
Stlth   +++.......              (no amulet)
HPRegen 0.00/turn               (no ring)
MPRegen 0.09/turn               (no ring)

@: hasted, very quick
A: damage resistance, heal wounds, sense surroundings 1, no regeneration
a: Heal Wounds


You were on level 5 of the Dungeon.
You visited 1 branch of the dungeon, and saw 2 of its levels.

You collected 32 gold pieces.


Innate Abilities, Weirdness & Mutations

You are resistant to damage.
You can heal yourself by infusing magical energy.
You passively map a small area around you.
You do not regenerate.


   Skills:
 + Level 2.7 Fighting
 - Level 2.0 Long Blades
 + Level 3.8 Throwing
 - Level 2.1 Dodging
 - Level 7.9 Stealth


You had 4 spell levels left.
You didn't know any spells.
Your spell library was empty.

Inventory:

Hand Weapons
 a - a +0 falchion (weapon) {long}
 e - a +0 arbalest {crossbow}
   (You found it on level 5 of the Dungeon)
Missiles
 h - 54 stones (quivered) {throwing}
Armour
 b - a +1 leather armour (worn)
 i - a scarf of invisibility
   (You found it on level 5 of the Dungeon)
Magical Staves
 j - a staff of death {!astaff}
   (You found it on level 5 of the Dungeon)
Wands
 g - a wand of digging (2)
Scrolls
 c - a scroll of fog
 d - a scroll of magic mapping {!r}

Dungeon Overview and Level Annotations

Branches:
Dungeon (6/15)
 Temple: D:4-7

Altars:

Shops:
D:6 !

Annotations:
D:6 Pikel

### #@# #O# #Z# #.# #.#
##### # #.######.....
.# #######.......##'##
#.# ,
...h.........##.⌠.##..#
########....##...##..#


You could see an ogre and a water moccasin zombie.


Message History

You barely miss the water moccasin zombie.
The water moccasin zombie closely misses you.
An ogre comes into view. It is wielding a +0 giant spiked club.
The ogre shouts!
Unknown command.
Unknown command.
Unknown command.
Unknown command.
The water moccasin zombie bites you.
* * * LOW HITPOINT WARNING * * *
The water moccasin zombie completely misses you. 😨 HP[-3]
You take 3 damage, and now have 16/46 hp.
Unknown command.
Unknown command.
You fail to use your ability.
The water moccasin zombie barely misses you.
The ogre misses you.
There is a large open door here.
You feel much better.
The water moccasin zombie bites you. 😮 HP[+11]
You regained 11 hp, and now have 27/46 hp.
Unknown command.
Unknown command.
You hit the ogre. The ogre closely misses you.
Okay, then.
Okay, then.
Okay, then.
Unknown command.
You hit the ogre. You hit the ogre but do no damage.
The ogre completely misses you.
Unknown command.
Unknown command.
You slash the ogre!
The ogre hits you with a +0 giant spiked club!
* * * LOW HITPOINT WARNING * * *
😨 HP[-14]
You take 14 damage, and now have 13/46 hp.
MASSIVE DAMAGE!! (PAUSE) Unknown command.
Unknown command.
There is a large open door here.
There is a fountain of clear blue water here.
Press: ? - help, v - describe, . - travel, g - get item Item here: a diamond ring.
The floor.
Unknown command.
There is a large open door here.
Okay, then.
Okay, then.
Okay, then.
You feel much better. The ogre misses you. 😕 HP[+24]
You regained 24 hp, and now have 37/46 hp.
You hit the ogre. The ogre misses you.
You barely miss the ogre.
The ogre hits you with a +0 giant spiked club! 😮 HP[-12]
You take 12 damage, and now have 25/46 hp.
MASSIVE DAMAGE!! (PAUSE) Unknown command.
Unknown command.
You slash the ogre!
The ogre hits you with a +0 giant spiked club!
* * * LOW HITPOINT WARNING * * *
😨 HP[-7]
You take 7 damage, and now have 18/46 hp.
Unknown command.
Unknown command.
Unknown command.
Okay, then.
Throw: 54 stones {throwing}
Press: ? - help, Q - select action, (/) - cycle Shift-Dir - straight line, f/p - water moccasin zombie
Aim: a water moccasin zombie (severely damaged, 60% to hit)
Okay, then.
Unknown command.
Throw: 54 stones {throwing}
Press: ? - help, Q - select action, (/) - cycle Shift-Dir - straight line, f - ogre, p - water moccasin zombie
Aim: an ogre, wielding a +0 giant spiked club (severely wounded, 75% to hit)
Okay, then.
Unknown command.
Okay, then.
Unknown command.
Okay, then.
Unknown command.
A black bear comes into view.
Okay, then.
Unknown command.
Okay, then.
Aiming: Dig
Press: ? - help, Shift-Dir - straight line, p - water moccasin zombie A rock wall.
The rock shatters into small pieces.
Okay, then.
Unknown command.
Okay, then.
Unknown command.
You feel yourself speed up.
The ogre hits you with a +0 giant spiked club!!
You die...

Skill      XL: |  1  2  3  4  5 |
---------------+----------------+-----
Stealth        | 7 |  7.9
Throwing       | 2 3 |  3.8
Fighting       | |  2.7
Long Blades    | |  2.0
Dodging        | |  2.1

Action                   |  1- 3 |  4- 6 || total
-------------------------+-------+-------++-------
Melee: Falchion          |    28 |    61 ||    89
Throw: Stone             |       |    22 ||    22
 Abil: Heal Wounds       |     1 |     4 ||     5
Evoke: Wand              |       |     1 ||     1
  Use: Scroll            |     1 |     2 ||     3
       Potion            |       |     1 ||     1
Armor: Leather armour    |     8 |     9 ||    17
Dodge: Dodged            |    14 |    50 ||    64

Levels and vault maps discovered:
D:5:      corexii_shack_village, layout_basic, nrook_campfire,
          grunt_decor_arrowhead, lightli_corner_chamber
D:6:      layout_cave_pools, mainiacjoe_overflow_big_doors,
          minmay_temple_entry_ruins, serial_shops, shop_statue,
          minmay_fountain_box, kennysheep_big_empty_room,
          minmay_misc_feat_hallway, uniq_pikel

Notes
Turn   | Place    | Note
-------+----------+-------------------------------------------
     0 | D:5      | spaghetti the Deep Dwarf Delver began the quest for the
                  | Orb.
     0 | D:5      | Reached XP level 1. HP: 20/20 MP: 1/1
     0 | D:5      | magus.rc [v1.9.6]
    68 | D:6      | Found Potil Ich's Distillery.
    70 | D:6      | Noticed Pikel
    70 | D:6      | Noticed a lemure
    70 | D:6      | Noticed a lemure
    70 | D:6      | Noticed a lemure
    71 | D:6      | Noticed a lemure
    75 | D:5      | Noticed a jelly
    79 | D:5      | Killed a jelly
    80 | D:5      | Reached skill level 7 in Stealth
    80 | D:5      | Reached XP level 2. HP: 21/27 MP: 2/2
    80 | D:5      | Reached XP level 3. HP: 26/33 MP: 3/3
   163 | D:5      | Noticed a necrophage
   176 | D:5      | Killed a necrophage
   177 | D:5      | Reached skill level 2 in Throwing
   177 | D:5      | Reached XP level 4. HP: 27/40 MP: 3/3
   177 | D:5      | Reached XP level 5. HP: 31/46 MP: 4/4
   214 | D:5      | Reached skill level 3 in Throwing
   619 | D:5      | Noticed an ogre
   642 | D:5      | Noticed a black bear
   652 | D:5      | Slain by an ogre

Vanquished Creatures
  A necrophage (D:5)
  2 jellies (D:5)
  2 bullfrog skeletons (D:5)
  A hound (D:5)
  A gnoll (D:5)
  An ufetubus (D:5)
  An adder zombie (D:5)
  A worm (D:5)
  A dart slug (D:5)
11 creatures vanquished.

Table legend:
 A = Non-vault XP
 B = Vault XP
 C = Vault XP percentage of total XP
 D = Non-vault monster count
 E = Vault monster count
 F = Vault count percentage of total count
                 A         B        C        D         E       F
            +---------+---------+-------+---------+---------+-------
      Total |     355 |       0 |   0.0 |      11 |       0 |   0.0
            +---------+---------+-------+---------+---------+-------
        D:5 |     355 |       0 |   0.0 |      11 |       0 |   0.0
            +---------+---------+-------+---------+---------+-------

Illustrated notes

Table legend:
 A = Kills in this place as a percentage of kills in entire the game.
 B = Kills by you in this place as a percentage of kills by you in the entire game.
 C = Kills by friends in this place as a percentage of kills by friends in the entire game.
 D = Other kills in this place as a percentage of other kills in the entire game.
 E = Experience gained in this place as a percentage of experience gained in the entire game.
 F = Experience gained in this place divided by the number of levels of this place that you have seen.
                   A       B       C       D       E      F
               +-------+-------+-------+-------+-------+----------------------
         Total | 100.0 | 100.0 |   N/A |   N/A | 100.0 | 177.5
       Dungeon | 100.0 | 100.0 |   N/A |   N/A | 100.0 | 177.5
               +-------+-------+-------+-------+-------+----------------------

Table legend: (Time is in decaauts)
 A = Elapsed time spent in this place.
 B = Non-inter-level travel time spent in this place.
 C = Inter-level travel time spent in this place.
 D = Time resting spent in this place.
 E = Time spent auto-exploring this place.
 F = Levels seen in this place.
 G = Mean time per level.
                   A        B        C        D        E       F      G
               +--------+--------+--------+--------+--------+-----+--------+
         Total |    668 |    639 |     29 |    202 |    200 |   2 |  334.0 |
       Dungeon |    668 |    639 |     29 |    202 |    200 |   2 |  334.0 |
               +--------+--------+--------+--------+--------+-----+--------+

Top non-repeatable levels by time:
     D:5: 661 daAuts
     D:6: 6 daAuts
